Warning! The script has encountered some errors when parsing the replay. Please report them to the . » details
0x00, prev: 0x16: 16 02 01 00 49 53 00 00 FA B9 02 00 [00] 00 00 00 00 00 00 00 00 00 00 00 00 00 00 00 00 00 00 00 00 00 00 00 06 00
0x00, prev: 0x00: 16 02 01 00 49 53 00 00 FA B9 02 00 00 00 00 00 00 00 00 00 00 00 00 00 00 00 00 00 00 00 00 00 00 00 [00] 00 06 00
0x00, prev: 0x02: 16 02 01 00 86 42 00 00 E8 CC 00 00 00 00 00 00 00 00 00 00 00 00 00 00 00 00 00 00 00 00 00 00 00 00 00 00 02 [00]
0x00, prev: 0x04: 16 02 01 00 18 04 00 00 83 85 03 00 00 00 00 00 00 00 00 00 00 00 00 00 00 00 00 00 00 00 00 00 00 00 00 00 04 [00]
0x00, prev: 0x01: 16 02 01 00 06 41 00 00 97 C9 00 00 00 00 00 00 00 00 00 00 00 00 00 00 00 00 00 00 00 00 00 00 00 00 00 00 01 [00]
0x0E, prev: 0x00: 16 02 02 00 75 60 00 00 CE 1D 0A 00 B2 64 00 00 AB 1D 0A 00 00 00 00 00 00 00 00 00 00 00 00 00 00 00 00 00 00 00 00 00 00 00 00 00 [0E] 00
0x0A, prev: 0x00: 16 02 01 00 65 67 00 00 6A 95 07 00 00 00 00 00 00 00 00 00 00 00 00 00 00 00 00 00 00 00 00 00 00 00 00 00 [0A] 00 06 76 00 16 02 0B 00 61 42 00 00 34 C9 00 00 29 03 00 00 A8 AA 07 00 70 03 00 00 BF 88 09 00 7C 40 00 00 2B 72 08 00 C1 58 00 00 54 08 09 00 45 66 00 00 11 01 08 00 1F 69 00 00 B3 5B 08 00 85 2B 00 00 00 99 08 00 4F 3F 00 00 1A 52 07 00 C2 43 00 00 4B B0 08 00 D6 65 00 00 B4 91 07 00 16 01 01 00 DE 2C 00 00 07 80 09 00 1A 19 74 74 72 68 DE 2C 00 00 07 80 09 00
0x00, prev: 0x05: 16 02 01 00 14 03 00 00 1D 2C 0A 00 00 00 00 00 00 00 00 00 00 00 00 00 00 00 00 00 00 00 00 00 00 00 00 00 05 [00]
General information
- name: BNet
- type: Ladder team game (AT/RT)
- host: Battle.net
- saver: redhousepainter
map: Highperch
- players: 6
- length: 53:28
- speed: Fast
- version: 1.23 W3XP
- replay type: Public
» download(243 KB)
Players
team 1 (winner)
IHATEDSOUZA (
orange | 33 APM | 1712 actions | 51:49)
4 Archmage
2 Blizzard
2 Brilliance Aura
2 Dark Ranger
1 Silence
1 Black Arrow
» actions
| Assign group hotkey | 29 | |
| Basic commands | 82 | |
| Build / train | 254 | |
| Enter build submenu | 82 | |
| Enter hero's abilities submenu | 7 | |
| Give item / drop item | 10 | |
| Remove unit from queue | 1 | |
| Right click | 383 | |
| Select / deselect | 544 | |
| Select group hotkey | 145 | |
| Use ability | 174 | |
1712 total
» units
| Peasant | 23 | |
| Mortar Team | 11 | |
| Sorceress | 3 | |
| Dragonhawk Rider | 11 | |
| Priest | 1 | |
| Siege Engine | 8 | |
57 total
» upgrades
| Masonry | 3 | |
| Magic Sentry | 1 | |
| Lumber Harvesting | 2 | |
| Swords | 3 | |
| Barrage | 1 | |
| Sorceress Training | 3 | |
| Cloud | 1 | |
| Armor | 3 | |
| Flare | 1 | |
| Fragmentation Shards | 1 | |
| Priest Training | 0 | |
| Flak Cannons | 1 | |
| Flying Machine Bombs | 1 | |
| Gunpowder | 3 | |
24 total
» buildings
| Altar of Kings | 1 | |
| Farm | 14 | |
| Lumber Mill | 1 | |
| Scout Tower | 75 | |
| Arcane Tower | 4 | |
| Guard Tower | 103 | |
| Keep | 4 | |
| Town Hall | 2 | |
| Arcane Vault | 2 | |
| Castle | 4 | |
| Blacksmith | 2 | |
| Arcane Sanctum | 1 | |
| Gryphon Aviary | 2 | |
| Workshop | 2 | |
217 total
» build order
00:26 Altar of Kings
00:29 Farm
00:36 Lumber Mill
01:43 Farm
01:54 Scout Tower
01:58 Scout Tower
02:15 Scout Tower
02:16 Scout Tower
02:21 Arcane Tower
02:21 Arcane Tower
02:21 Arcane Tower
02:25 Guard Tower
02:34 Scout Tower
02:41 Scout Tower
02:42 Scout Tower
02:49 Guard Tower
02:50 Guard Tower
02:55 Scout Tower
02:58 Scout Tower
02:59 Scout Tower
03:01 Scout Tower
03:20 Guard Tower
03:24 Scout Tower
03:27 Guard Tower
03:27 Guard Tower
03:27 Guard Tower
03:27 Guard Tower
03:34 Guard Tower
03:39 Scout Tower
03:54 Guard Tower
04:02 Scout Tower
04:03 Scout Tower
04:05 Scout Tower
04:05 Scout Tower
04:06 Scout Tower
04:08 Scout Tower
04:10 Scout Tower
04:12 Guard Tower
04:16 Scout Tower
04:21 Scout Tower
04:24 Scout Tower
04:28 Scout Tower
04:33 Scout Tower
04:34 Scout Tower
04:37 Scout Tower
04:41 Farm
04:56 Farm
05:08 Guard Tower
05:10 Arcane Tower
05:12 Guard Tower
05:13 Guard Tower
05:13 Guard Tower
05:20 Guard Tower
05:23 Scout Tower
05:24 Scout Tower
05:27 Guard Tower
05:27 Guard Tower
05:27 Guard Tower
05:35 Guard Tower
05:36 Guard Tower
05:39 Scout Tower
05:40 Scout Tower
05:42 Guard Tower
05:43 Scout Tower
05:44 Scout Tower
05:54 Scout Tower
05:56 Scout Tower
05:58 Scout Tower
06:07 Scout Tower
06:27 Keep
06:27 Keep
06:28 Keep
06:37 Guard Tower
06:39 Guard Tower
06:40 Scout Tower
06:41 Scout Tower
06:46 Scout Tower
06:46 Scout Tower
06:53 Guard Tower
06:53 Guard Tower
06:53 Guard Tower
07:02 Guard Tower
07:02 Guard Tower
07:02 Guard Tower
07:03 Guard Tower
07:06 Scout Tower
07:09 Scout Tower
07:15 Scout Tower
07:16 Scout Tower
07:30 Town Hall
07:32 Guard Tower
07:32 Guard Tower
07:32 Guard Tower
07:33 Guard Tower
07:33 Guard Tower
07:50 Arcane Vault
07:54 Arcane Vault
07:55 Guard Tower
07:56 Guard Tower
07:56 Guard Tower
07:56 Guard Tower
08:15 Town Hall
08:18 Scout Tower
08:20 Scout Tower
08:21 Scout Tower
08:24 Scout Tower
08:31 Scout Tower
08:43 Guard Tower
08:45 Scout Tower
08:46 Scout Tower
08:48 Scout Tower
08:50 Scout Tower
08:52 Scout Tower
08:55 Scout Tower
09:04 Castle
09:04 Castle
09:04 Castle
09:05 Castle
09:39 Guard Tower
09:40 Guard Tower
09:40 Guard Tower
09:40 Guard Tower
09:45 Guard Tower
09:46 Guard Tower
09:46 Guard Tower
10:04 Blacksmith
10:11 Guard Tower
10:12 Guard Tower
10:12 Guard Tower
10:15 Guard Tower
10:15 Guard Tower
10:15 Guard Tower
10:15 Guard Tower
10:22 Guard Tower
10:22 Guard Tower
10:23 Guard Tower
10:48 Guard Tower
10:49 Guard Tower
10:49 Guard Tower
10:49 Guard Tower
11:01 Arcane Sanctum
11:11 Gryphon Aviary
11:32 Workshop
12:11 Scout Tower
12:13 Scout Tower
12:15 Scout Tower
12:30 Blacksmith
13:09 Workshop
13:20 Gryphon Aviary
14:00 Guard Tower
14:52 Farm
14:52 Farm
14:53 Farm
14:54 Farm
14:57 Farm
14:58 Farm
16:04 Guard Tower
16:05 Guard Tower
16:05 Guard Tower
17:38 Guard Tower
17:39 Guard Tower
17:39 Guard Tower
19:04 Guard Tower
22:31 Guard Tower
22:31 Guard Tower
23:35 Guard Tower
23:35 Guard Tower
23:35 Guard Tower
23:58 Scout Tower
23:59 Scout Tower
24:01 Scout Tower
24:03 Scout Tower
24:06 Scout Tower
24:12 Scout Tower
24:14 Scout Tower
24:16 Scout Tower
24:17 Scout Tower
24:22 Scout Tower
24:25 Scout Tower
24:27 Scout Tower
24:29 Scout Tower
24:33 Scout Tower
24:35 Scout Tower
24:41 Guard Tower
24:41 Guard Tower
26:05 Guard Tower
26:06 Guard Tower
26:06 Guard Tower
» items
| Boots of Speed | 1 | |
| Staff of Teleportation | 2 | |
| Tiny Great Hall | 2 | |
| Orb of Lightning | 2 | |
| Ivory Tower | 15 | |
| Scroll of Town Portal | 2 | |
| Staff of Sanctuary | 1 | |
25 total
redhousepainter (
pink | 47 APM | 2442 actions | 51:50)
7 Blademaster
3 Wind Walk
3 Critical Strike
1 Bladestorm
» actions
| Assign group hotkey | 52 | |
| Basic commands | 78 | |
| Build / train | 73 | |
| ESC pressed | 1 | |
| Enter build submenu | 50 | |
| Enter hero's abilities submenu | 7 | |
| Give item / drop item | 8 | |
| Right click | 945 | |
| Select / deselect | 372 | |
| Select group hotkey | 554 | |
| Use ability | 302 | |
2442 total
» units
» upgrades
| Ranged Weapons | 3 | |
| Liquid Fire | 1 | |
| Reinforced Defenses | 1 | |
| Armor | 3 | |
| Pillage | 1 | |
9 total
» buildings
| Altar of Storms | 1 | |
| Orc Burrow | 8 | |
| War Mill | 1 | |
| Voodoo Lounge | 1 | |
| Watch Tower | 28 | |
| Stronghold | 1 | |
| Fortress | 1 | |
| Beastiary | 3 | |
| Great Hall | 1 | |
45 total
» build order
00:08 Altar of Storms
00:15 Orc Burrow
00:39 War Mill
01:35 Orc Burrow
01:49 Voodoo Lounge
02:08 Watch Tower
02:11 Watch Tower
03:03 Watch Tower
03:11 Stronghold
03:17 Watch Tower
03:19 Watch Tower
03:53 Watch Tower
03:56 Watch Tower
04:15 Watch Tower
04:24 Watch Tower
04:28 Watch Tower
05:19 Orc Burrow
05:27 Watch Tower
05:49 Fortress
05:52 Beastiary
05:53 Beastiary
05:56 Beastiary
07:07 Great Hall
07:30 Watch Tower
07:30 Watch Tower
08:53 Watch Tower
08:54 Watch Tower
12:23 Watch Tower
12:24 Watch Tower
18:28 Orc Burrow
18:29 Orc Burrow
18:30 Orc Burrow
23:17 Watch Tower
23:21 Watch Tower
23:22 Watch Tower
23:28 Watch Tower
23:50 Watch Tower
23:56 Watch Tower
24:04 Watch Tower
24:07 Watch Tower
24:13 Orc Burrow
27:03 Watch Tower
30:39 Watch Tower
30:41 Watch Tower
» items
| Lesser Clarity Potion | 5 | |
| Healing Salve | 2 | |
| Boots of Speed | 2 | |
| Staff of Teleportation | 1 | |
| Orb of Lightning | 2 | |
| Potion of Lesser Invulnerability | 1 | |
| Scroll of Town Portal | 2 | |
| Tiny Great Hall | 1 | |
16 total
reynoldtheloser (
yellow | 26 APM | 1344 actions | 51:49)
4 Keeper of the Grove
2 Entangling Roots
2 Thorns Aura
» actions
| Assign group hotkey | 28 | |
| Basic commands | 32 | |
| Build / train | 74 | |
| ESC pressed | 4 | |
| Enter build submenu | 18 | |
| Enter hero's abilities submenu | 4 | |
| Give item / drop item | 13 | |
| Right click | 473 | |
| Select / deselect | 259 | |
| Select group hotkey | 350 | |
| Use ability | 89 | |
1344 total
» units
| Wisp | 18 | |
| Druid of the Talon | 16 | |
| Chimaera | 3 | |
| Hippogryph | 1 | |
38 total
» upgrades
| Strength of the Wild | 3 | |
| Druid of the Talon Training | 2 | |
| Well Spring | 1 | |
| Reinforced Hides | 3 | |
| Mark of the Talon | 1 | |
| Corrosive Breath | 1 | |
| Ultravision | 1 | |
12 total
» buildings
| Altar of Elders | 1 | |
| Moon Well | 9 | |
| Tree of Ages | 3 | |
| Hunter's Hall | 1 | |
| Ancient of Wind | 2 | |
| Tree of Eternity | 3 | |
| Chimaera Roost | 1 | |
20 total
» build order
00:08 Altar of Elders
00:11 Moon Well
01:25 Moon Well
06:44 Tree of Ages
06:44 Tree of Ages
07:51 Moon Well
08:24 Hunter's Hall
08:40 Moon Well
09:14 Moon Well
09:38 Moon Well
10:10 Ancient of Wind
10:14 Ancient of Wind
11:02 Moon Well
11:12 Tree of Eternity
11:13 Tree of Eternity
11:33 Moon Well
12:56 Moon Well
14:00 Chimaera Roost
» items
| Ivory Tower | 6 | |
| Staff of Teleportation | 1 | |
7 total
team 2 (loser)
CloakofDarkness (
blue | 32 APM | 1633 actions | 51:07)
3 Archmage
2 Summon Water Elemental
1 Brilliance Aura
2 Mountain King
1 Storm Bolt
1 Thunder Clap
» actions
| Assign group hotkey | 180 | |
| Basic commands | 180 | |
| Build / train | 85 | |
| Enter build submenu | 32 | |
| Enter hero's abilities submenu | 5 | |
| Give item / drop item | 1 | |
| Right click | 317 | |
| Select / deselect | 460 | |
| Select group hotkey | 271 | |
| Use ability | 100 | |
1633 total
» units
| Peasant | 20 | |
| Knight | 8 | |
| Mortar Team | 9 | |
| Flying Machine | 2 | |
39 total
» upgrades
| Lumber Harvesting | 2 | |
| Fragmentation Shards | 1 | |
| Animal War Training | 1 | |
| Flare | 1 | |
| Magic Sentry | 1 | |
| Plating | 3 | |
| Gunpowder | 2 | |
| Masonry | 2 | |
13 total
» buildings
| Altar of Kings | 1 | |
| Farm | 15 | |
| Lumber Mill | 2 | |
| Scout Tower | 31 | |
| Guard Tower | 17 | |
| Keep | 1 | |
| Arcane Tower | 2 | |
| Town Hall | 1 | |
| Castle | 1 | |
| Blacksmith | 1 | |
| Barracks | 2 | |
| Workshop | 1 | |
| Arcane Sanctum | 1 | |
76 total
» build order
00:07 Altar of Kings
00:12 Farm
00:36 Lumber Mill
01:39 Scout Tower
01:41 Scout Tower
02:03 Farm
02:08 Guard Tower
02:13 Scout Tower
02:14 Scout Tower
02:24 Scout Tower
02:27 Scout Tower
02:30 Scout Tower
02:32 Scout Tower
02:35 Scout Tower
02:36 Scout Tower
02:37 Scout Tower
02:38 Scout Tower
02:41 Scout Tower
02:54 Guard Tower
03:07 Guard Tower
03:09 Guard Tower
03:12 Guard Tower
03:37 Guard Tower
03:48 Scout Tower
04:13 Guard Tower
04:30 Keep
04:33 Arcane Tower
04:48 Guard Tower
04:53 Guard Tower
04:54 Guard Tower
05:28 Scout Tower
05:29 Scout Tower
05:33 Scout Tower
05:34 Scout Tower
05:35 Scout Tower
06:24 Town Hall
06:42 Guard Tower
07:18 Scout Tower
07:25 Guard Tower
08:07 Castle
08:40 Scout Tower
08:41 Scout Tower
08:42 Scout Tower
08:44 Scout Tower
09:09 Blacksmith
09:22 Barracks
09:28 Guard Tower
09:31 Scout Tower
09:33 Scout Tower
09:36 Scout Tower
10:20 Lumber Mill
10:40 Workshop
10:42 Barracks
10:52 Farm
11:02 Farm
11:11 Arcane Tower
12:02 Arcane Sanctum
12:23 Guard Tower
12:31 Farm
13:17 Guard Tower
13:20 Guard Tower
14:00 Farm
15:31 Farm
15:32 Farm
16:05 Scout Tower
16:07 Scout Tower
16:10 Scout Tower
16:12 Scout Tower
17:20 Guard Tower
» items
| Scroll of Town Portal | 1 | |
| Potion of Healing | 1 | |
| Potion of Mana | 1 | |
| Orb of Lightning | 1 | |
4 total
Jmos (
teal | 60 APM | 3130 actions | 51:48)
3 Blademaster
2 Wind Walk
1 Critical Strike
2 Tauren Chieftain
1 Endurance Aura
1 Shockwave
1 Shadow Hunter
1 Hex
» actions
| Assign group hotkey | 71 | |
| Basic commands | 199 | |
| Build / train | 92 | |
| ESC pressed | 1 | |
| Enter build submenu | 36 | |
| Enter hero's abilities submenu | 6 | |
| Give item / drop item | 5 | |
| Remove unit from queue | 7 | |
| Right click | 1180 | |
| Select / deselect | 432 | |
| Select group hotkey | 967 | |
| Use ability | 126 | |
3130 total
» units
| Peon | 19 | |
| Wind Rider | 6 | |
| Troll Batrider | 34 | |
| Raider | -1 | |
58 total
» upgrades
| Armor | 3 | |
| Envenomed Spears | 1 | |
| Ranged Weapons | 3 | |
| Liquid Fire | 1 | |
| Spiked Barricades | 1 | |
| Reinforced Defenses | 1 | |
10 total
» buildings
| Altar of Storms | 1 | |
| Orc Burrow | 8 | |
| Barracks | 1 | |
| War Mill | 1 | |
| Voodoo Lounge | 3 | |
| Stronghold | 1 | |
| Watch Tower | 18 | |
| Beastiary | 2 | |
| Fortress | 1 | |
| Great Hall | 1 | |
37 total
» build order
00:12 Altar of Storms
00:20 Orc Burrow
00:52 Barracks
01:17 War Mill
02:31 Voodoo Lounge
02:39 Orc Burrow
02:47 Orc Burrow
03:53 Stronghold
04:05 Voodoo Lounge
04:41 Watch Tower
04:46 Watch Tower
04:59 Watch Tower
05:02 Watch Tower
05:05 Watch Tower
06:19 Beastiary
06:23 Beastiary
06:49 Voodoo Lounge
07:41 Fortress
08:34 Orc Burrow
08:58 Great Hall
09:09 Watch Tower
09:11 Watch Tower
09:41 Orc Burrow
10:55 Watch Tower
10:56 Watch Tower
12:37 Orc Burrow
15:59 Watch Tower
16:35 Watch Tower
16:37 Watch Tower
16:41 Watch Tower
16:47 Watch Tower
18:13 Watch Tower
19:21 Orc Burrow
19:25 Orc Burrow
29:27 Watch Tower
29:29 Watch Tower
29:32 Watch Tower
» items
| Healing Salve | 1 | |
| Lesser Clarity Potion | 3 | |
| Scroll of Speed | 1 | |
| Orb of Lightning | 1 | |
6 total
Reighteous (
purple | 26 APM | 1330 actions | 51:20)
2 Mountain King
1 Storm Bolt
1 Bash
» actions
| Basic commands | 20 | |
| Build / train | 81 | |
| Enter build submenu | 30 | |
| Enter hero's abilities submenu | 2 | |
| Right click | 503 | |
| Select / deselect | 588 | |
| Use ability | 105 | |
1330 total
» units
| Peasant | 12 | |
| Gryphon Rider | 6 | |
| Sorceress | 5 | |
| Mortar Team | 5 | |
| Siege Engine | 9 | |
37 total
» upgrades
| Lumber Harvesting | 2 | |
| Sorceress Training | 2 | |
| Gunpowder | 3 | |
| Swords | 2 | |
| Magic Sentry | 1 | |
| Storm Hammers | 1 | |
| Armor | 1 | |
| Fragmentation Shards | 1 | |
| Flare | 1 | |
| Barrage | 1 | |
15 total
» buildings
| Altar of Kings | 1 | |
| Farm | 17 | |
| Lumber Mill | 1 | |
| Scout Tower | 24 | |
| Guard Tower | 18 | |
| Keep | 4 | |
| Castle | 4 | |
| Arcane Sanctum | 1 | |
| Blacksmith | 1 | |
| Gryphon Aviary | 2 | |
| Workshop | 2 | |
75 total
» build order
00:11 Altar of Kings
00:14 Farm
00:18 Lumber Mill
01:34 Scout Tower
01:41 Scout Tower
01:52 Scout Tower
01:53 Scout Tower
01:57 Scout Tower
01:58 Scout Tower
02:11 Scout Tower
02:12 Scout Tower
02:13 Scout Tower
02:15 Scout Tower
02:17 Guard Tower
02:18 Guard Tower
02:34 Farm
02:38 Guard Tower
02:53 Guard Tower
03:09 Guard Tower
03:12 Guard Tower
03:33 Guard Tower
03:35 Guard Tower
03:57 Guard Tower
04:09 Guard Tower
04:22 Farm
04:38 Scout Tower
04:40 Scout Tower
04:41 Scout Tower
04:42 Scout Tower
04:43 Scout Tower
05:05 Farm
05:13 Keep
05:14 Keep
05:14 Keep
05:14 Keep
05:35 Scout Tower
05:36 Scout Tower
05:38 Scout Tower
05:39 Scout Tower
05:40 Scout Tower
05:44 Scout Tower
06:26 Farm
06:27 Farm
06:28 Farm
06:28 Farm
06:29 Farm
06:35 Guard Tower
06:46 Guard Tower
06:54 Guard Tower
06:59 Guard Tower
07:23 Guard Tower
07:31 Guard Tower
07:40 Castle
07:41 Castle
07:41 Castle
07:58 Guard Tower
08:42 Arcane Sanctum
08:53 Blacksmith
08:58 Guard Tower
09:06 Farm
09:07 Farm
09:08 Farm
09:08 Farm
10:01 Gryphon Aviary
10:06 Gryphon Aviary
12:48 Farm
14:00 Workshop
16:05 Farm
16:31 Scout Tower
16:43 Scout Tower
Chat log
(00:02 / Allies) redhousepainter: juicy
(00:28 / Allies) redhousepainter: michael gold me
(00:29 / Allies) redhousepainter: 1090
(00:30 / Allies) redhousepainter: 100
(00:31 / Allies) reynoldtheloser: the worst part is that i sit way up front
(00:43 / Allies) redhousepainter: are they planning to perch
(00:45 / Allies) redhousepainter: god i hope so
(00:49 / Allies) reynoldtheloser: im like within 5ft of him when he lectures
(01:02 / Allies) redhousepainter: if they perch
(01:04 / Allies) redhousepainter: we counter perch
(01:06 / Allies) redhousepainter: or we perch
(01:15 / Allies) redhousepainter: hell yes they are perching
(01:19 / Allies) redhousepainter: this will be a godo game
(01:23 / Allies) redhousepainter: send peons
(01:24 / Allies) redhousepainter: iots time
(01:51 / Allies) redhousepainter: michael
(01:52 / Allies) redhousepainter: feed
(02:17 / Allies) redhousepainter: inc bm mk
(02:29 / Allies) redhousepainter: guard right side
(02:30 / Allies) redhousepainter: come
(02:37 / Allies) redhousepainter: COME
(02:38 / Allies) redhousepainter: UR LATE
(02:39 / Allies) redhousepainter: GG WE LOST
(03:06 / Allies) IHATEDSOUZA: wood
(03:06 / Allies) redhousepainter: michael u feeding?
(04:00 / Allies) redhousepainter: tower each main
(04:01 / Allies) redhousepainter: a litle
(04:17 / Allies) redhousepainter: michael lure right side
(04:53 / Allies) redhousepainter: tower each main
(04:54 / Allies) redhousepainter: tommy
(04:56 / Allies) redhousepainter: u get urs and his
(05:13 / Allies) IHATEDSOUZA: wood
(05:30 / Allies) IHATEDSOUZA: ,ore
(05:41 / Allies) redhousepainter: michael?
(05:41 / Allies) redhousepainter: afk?
(05:51 / Allies) reynoldtheloser: turista go home
(06:12 / Allies) IHATEDSOUZA: wood
(06:23 / Allies) redhousepainter: how we gonna counter their perch?
(06:29 / Allies) IHATEDSOUZA: use dott
(06:31 / Allies) IHATEDSOUZA: perch early
(06:33 / Allies) IHATEDSOUZA: get up first
(06:35 / Allies) IHATEDSOUZA: make sure htey dont get other one
(06:49 / Allies) IHATEDSOUZA: gold
(06:55 / Allies) redhousepainter: wood gold
(07:17 / Allies) reynoldtheloser: creep shop?
(07:20 / All) redhousepainter: u guys arent clan towa or anyone decent r u?
(07:24 / All) redhousepainter: just making sure
(07:42 / All) Jmos: WE ARE
(07:45 / All) Jmos: :D
(07:49 / All) redhousepainter: who in?
(07:53 / All) redhousepainter: LIER
(07:54 / All) Jmos: jesus
(08:04 / Allies) IHATEDSOUZA: need money
(08:07 / Allies) IHATEDSOUZA: wood
(08:42 / Allies) redhousepainter: u got morts?
(08:44 / Allies) redhousepainter: get em 5 minutes ago
(08:45 / Allies) redhousepainter: if u can
(09:13 / Allies) redhousepainter: let bm tank
(09:15 / Allies) redhousepainter: not am kotg
(09:25 / Allies) reynoldtheloser: let bm attack then
(09:34 / Allies) IHATEDSOUZA: im poor
(09:47 / Allies) redhousepainter: make more wlels
(10:03 / Allies) reynoldtheloser: im giving all my stuf to oj
(10:17 / Allies) reynoldtheloser: make chims?
(10:53 / Allies) reynoldtheloser: sentry?
(11:09 / Allies) redhousepainter: make more wlls
(11:19 / Allies) IHATEDSOUZA: wood
(11:38 / Allies) redhousepainter: get sentry 5 minutes ago
(11:52 / Allies) reynoldtheloser: perimeter breach
(12:44 / Allies) redhousepainter: got morts?
(12:47 / Allies) IHATEDSOUZA: at this rate
(13:04 / Allies) IHATEDSOUZA: wood
(13:18 / Allies) IHATEDSOUZA: more wood
(13:32 / Allies) redhousepainter: michael get 50 food dotts
(13:41 / Allies) redhousepainter: and the well upgrade
(13:52 / Allies) IHATEDSOUZA: bats griffs sorcs tanks knights
(14:00 / Allies) redhousepainter: cant bat fleeing air :[
(15:30 / Allies) reynoldtheloser: dotts up onb both sides
(15:36 / Allies) redhousepainter: u guys creep that
(15:37 / Allies) redhousepainter: im 5
(15:48 / Allies) reynoldtheloser: calling all cars are we gonna perch???
(15:56 / Allies) IHATEDSOUZA: im ready to pump
(15:59 / Allies) redhousepainter: up[ ur towers in my base
(16:00 / Allies) redhousepainter: tomy
(16:00 / Allies) IHATEDSOUZA: or just tower
(16:03 / Allies) redhousepainter: stay down
(16:04 / Allies) redhousepainter: till mines dead
(16:06 / Allies) redhousepainter: they are 50 food
(16:12 / Allies) redhousepainter: actually no they arent
(16:12 / Allies) redhousepainter: still
(16:15 / Allies) redhousepainter: stay down till mines dead
(16:33 / Allies) redhousepainter: get 2 more sorcx
(16:34 / Allies) redhousepainter: if u can
(16:37 / Allies) redhousepainter: i need inis all bats
(16:38 / Allies) redhousepainter: invis all bats
(16:40 / Allies) redhousepainter: no
(16:45 / Allies) redhousepainter: why ahndicap ourselves
(16:50 / Allies) redhousepainter: ina 50 food vs 50 food match
(17:04 / Allies) IHATEDSOUZA: should i put towers up there now?
(17:07 / Allies) redhousepainter: tower right side
(17:07 / Allies) redhousepainter: ya
(17:09 / Allies) IHATEDSOUZA: we could tower both perches
(17:26 / Allies) IHATEDSOUZA: staff uo'
(17:33 / Allies) IHATEDSOUZA: ev1 staff up
(17:36 / Allies) IHATEDSOUZA: and put quick tower down
(18:08 / Allies) redhousepainter: they goin 50 food
(18:15 / Allies) redhousepainter: should we tower more
(18:17 / Allies) redhousepainter: i mean 100
(18:21 / Allies) redhousepainter: we cnat let wall go down now
(18:23 / Allies) redhousepainter: with this few shits
(18:40 / Allies) redhousepainter: wtach my
(18:41 / Allies) redhousepainter: invis bats
(18:44 / Allies) IHATEDSOUZA: why did you staff up
(18:46 / Allies) redhousepainter: watch my invis mats
(18:47 / Allies) IHATEDSOUZA: with only one quick tower
(18:50 / Allies) IHATEDSOUZA: WHAT A WASTE
(18:53 / Allies) IHATEDSOUZA: sell those shitty items
(18:54 / Allies) IHATEDSOUZA: nab
(18:59 / Allies) IHATEDSOUZA: yeah i see
(19:05 / All) redhousepainter: heheuiueheuheuehueheuheue
(19:11 / All) Reighteous: you cool
(19:14 / All) redhousepainter: u mad?
(19:21 / All) Reighteous: not really
(19:25 / All) Reighteous: its a game
(19:29 / All) Reighteous: why would i be lol
(19:33 / Allies) reynoldtheloser: mine is dowern
(19:35 / All) redhousepainter: u mad.
(19:38 / Allies) reynoldtheloser: im going 100 food
(19:40 / Allies) redhousepainter: k
(19:41 / All) Reighteous: k
(19:45 / Allies) IHATEDSOUZA: no wait
(19:48 / Allies) IHATEDSOUZA: you have expo
(19:58 / Allies) reynoldtheloser: no i dont
(20:14 / Allies) reynoldtheloser: ?
(20:31 / Allies) IHATEDSOUZA: o
(20:38 / Allies) redhousepainter: watch left sdide
(20:40 / Allies) redhousepainter: for some obvious hacking
(20:46 / Allies) redhousepainter: yeah give hu a bucn hgold before 50
(20:51 / Allies) IHATEDSOUZA: micjhaels base
(21:04 / Allies) IHATEDSOUZA: michae ur base in danger
(21:07 / Allies) redhousepainter: no its not
(21:10 / Allies) redhousepainter: u were sposted to tower it anwtyay
(21:14 / Allies) redhousepainter: dotn worry abotu it now
(21:15 / Allies) redhousepainter: i got bats
(21:17 / Allies) reynoldtheloser: can i go 100 food or not
(21:22 / Allies) redhousepainter: yes
(21:23 / Allies) reynoldtheloser: u guys are inhibiting me
(21:24 / Allies) redhousepainter: ur mine is dead
(21:38 / Allies) redhousepainter: tommy
(21:38 / Allies) reynoldtheloser: unmouhnts?
(21:40 / Allies) redhousepainter: make towers iwth peons
(21:41 / Allies) redhousepainter: wtf are you doin
(22:00 / Allies) redhousepainter: michael mass dotts
(22:04 / Allies) redhousepainter: theyre better than hunmopunts
(22:29 / Allies) redhousepainter: i say we perch all now
(22:35 / Allies) redhousepainter: uim going 100
(22:36 / Allies) redhousepainter: go 100 now
(22:37 / Allies) redhousepainter: tommy
(22:40 / Allies) redhousepainter: they could easily win now
(22:41 / Allies) redhousepainter: wiht tanks
(23:24 / Allies) IHATEDSOUZA: poerch got scouthed
(23:32 / Allies) reynoldtheloser: build???
(24:17 / Allies) reynoldtheloser: gross not enough gold to get 100 food
(24:28 / Allies) redhousepainter: thats fine
(24:36 / Allies) redhousepainter: lets kill our tower wall?
(24:38 / Allies) redhousepainter: to deny xop?
(24:39 / Allies) redhousepainter: yes no
(24:51 / Allies) IHATEDSOUZA: nbot yet
(25:00 / Allies) redhousepainter: where di d u hide ur sorcs
(25:02 / Allies) redhousepainter: i need invis bats
(25:17 / Allies) redhousepainter: ping the sorcs
(25:27 / Allies) redhousepainter: ping the sorcs
(25:36 / Allies) IHATEDSOUZA: no wait
(25:38 / Allies) IHATEDSOUZA: where did they go
(25:46 / Allies) redhousepainter: u deleted ur sorcs didnt u
(25:55 / Allies) redhousepainter: up those
(26:31 / Allies) IHATEDSOUZA: sorcs are on the perch
(26:32 / Allies) IHATEDSOUZA: somehow
(26:35 / Allies) redhousepainter: tower a lot
(26:37 / Allies) redhousepainter: on perch
(27:17 / Allies) reynoldtheloser: do ne bldgs give exp?
(27:23 / Allies) redhousepainter: ya
(28:02 / Allies) redhousepainter: holy shit
(28:15 / Allies) redhousepainter: tommy kill thsie fucking trees
(29:20 / Allies) IHATEDSOUZA: michael ur hero
(29:21 / Allies) IHATEDSOUZA: is goign to die
(30:02 / Allies) redhousepainter: its gona be al long game
(30:10 / Allies) IHATEDSOUZA: we have to guard the other pech
(30:15 / Allies) IHATEDSOUZA: is there some way we can tower it?
(30:52 / All) CloakofDarkness: so its nobodys game
(30:56 / All) redhousepainter: lol
(31:28 / Allies) redhousepainter: hold position that trash
(31:28 / All) Jmos: ihatedsouza to
(31:34 / Allies) reynoldtheloser: some Elfenbeimturms are up here btw
(31:53 / Allies) IHATEDSOUZA: i know thats on purpose
(31:55 / Allies) IHATEDSOUZA: we may want later
(32:17 / All) Jmos: thats alot of air
(32:33 / Allies) redhousepainter: tommy wood me
(33:01 / All) redhousepainter: gg u got all our stuff
(33:07 / All) Jmos: NO
(33:10 / All) Jmos: right mid
(33:11 / All) CloakofDarkness: were not stupid
(33:12 / All) Jmos: with all the air
(33:12 / All) Jmos: xD
(33:13 / All) Reighteous: we see the mountain lol
(33:18 / All) redhousepainter: welcome to high p erch
(33:20 / All) redhousepainter: the game begins
(33:22 / All) CloakofDarkness: we flared it about 100 times
(33:24 / Allies) reynoldtheloser: XD
(33:26 / All) Jmos: xD
(33:26 / Allies) reynoldtheloser: XD
(33:30 / All) redhousepainter: so why did u guys tower wall
(33:31 / All) IHATEDSOUZA: ecks dee
(33:33 / All) Reighteous: well i never lose internet so
(33:33 / All) redhousepainter: if ud idnt plan on pwerching
(33:35 / All) Reighteous: you lose
(34:09 / Allies) reynoldtheloser: if anyone wants scroll of beast u can have
(34:21 / Allies) IHATEDSOUZA: cant you organize all of thie shitty clutter any better
(34:35 / All) Jmos: how u guys planing to win?
(34:35 / Allies) redhousepainter: oput dotts on ground
(34:41 / All) redhousepainter: soem guy did thsi strat
(34:42 / All) CloakofDarkness: ya its gg for both
(34:43 / All) redhousepainter: and went 96 hours
(34:44 / All) redhousepainter: then lost
(34:48 / All) redhousepainter: so we wanna break his recod
(34:49 / All) redhousepainter: and win
(34:53 / All) Reighteous: well
(34:54 / All) Jmos: -.-
(34:57 / All) CloakofDarkness: i can leave my comp on :)(
(34:59 / All) Reighteous: imma leave this game go forever lol
(35:02 / All) Jmos: i cna to
(35:03 / All) Reighteous: for years
(35:07 / All) Reighteous: i dont give a fuck
(35:08 / All) Jmos: o god
(35:10 / All) redhousepainter: lets just pause it then
(35:12 / All) redhousepainter: and start now
(35:15 / Allies) IHATEDSOUZA: lol
(35:16 / All) redhousepainter: pauyse = easier on cpu
(35:18 / All) Jmos: no pause
(35:18 / All) Reighteous: why pause
(35:21 / All) Reighteous: ya
(35:23 / All) Jmos: ill be like
(35:25 / All) Jmos: sneak attack time
(35:26 / All) Jmos: :D
(35:28 / All) redhousepainter: u can unpause it then
(35:30 / All) redhousepainter: leave it paused bro
(35:34 / Allies) redhousepainter: save pausses
(35:43 / Allies) redhousepainter: leave dotts on ground
(35:44 / Allies) redhousepainter: on perch
(35:45 / Allies) redhousepainter: stop that
(35:46 / Allies) IHATEDSOUZA: i feel better about it when they talk about going afk and "lasting"
(35:47 / Allies) redhousepainter: if you feed now
(35:49 / Allies) redhousepainter: we will never win
(35:52 / Allies) IHATEDSOUZA: it just means they arent as dedicated
(35:54 / Allies) redhousepainter: stop that
(35:56 / Allies) redhousepainter: its not dott time
(35:58 / Allies) redhousepainter: for another 18 hours
(35:59 / Allies) reynoldtheloser: ...
(36:02 / Allies) redhousepainter: and 4 dead bms
(36:12 / Allies) reynoldtheloser: zzzz
(36:28 / Allies) IHATEDSOUZA: turn off autorepair
(36:28 / All) Jmos: POOP
(36:32 / Allies) IHATEDSOUZA: or it can own you later
(36:35 / Allies) IHATEDSOUZA: when you least expect
(36:46 / Allies) IHATEDSOUZA: i would have been able to get an invul pot in that last perch game after you guys left
(36:47 / Allies) redhousepainter: i never hat it i on
(36:49 / Allies) IHATEDSOUZA: if autorepair had been off
(36:50 / All) Jmos: these arn't even your real accounts xD
(36:56 / All) redhousepainter: i play easy
(36:57 / All) redhousepainter: east
(37:00 / All) IHATEDSOUZA: this is my real account
(37:03 / All) IHATEDSOUZA: first game ever
(37:13 / Allies) reynoldtheloser: tommy tell me if you recieve this gold
(37:17 / Allies) IHATEDSOUZA: no
(37:19 / Allies) IHATEDSOUZA: dont give gold
(37:22 / Allies) IHATEDSOUZA: i got one gold
(37:30 / Allies) reynoldtheloser: mission accomplished
(37:36 / Allies) reynoldtheloser: i only gave 1
(37:42 / Allies) IHATEDSOUZA: i have a priest
(37:44 / Allies) redhousepainter: inc bats
(37:45 / Allies) IHATEDSOUZA: the priest has dispel
(37:45 / Allies) redhousepainter: inc bats
(38:13 / Allies) IHATEDSOUZA: you sneaker
(38:16 / Allies) IHATEDSOUZA: you better be careful
(38:27 / Allies) redhousepainter: nah they flared
(38:27 / Allies) IHATEDSOUZA: when he clares that doesnt help
(38:28 / Allies) redhousepainter: during invsis
(38:28 / Allies) IHATEDSOUZA: remember
(38:41 / All) Jmos: hackers?
(38:45 / All) CloakofDarkness: yep
(38:46 / All) Reighteous: hacks
(38:47 / All) IHATEDSOUZA: painter
(38:48 / All) CloakofDarkness: they are
(38:49 / All) reynoldtheloser: painters.
(38:51 / All) redhousepainter: whats that?
(38:57 / All) Reighteous: yall are hackers
(39:01 / All) redhousepainter: yall?
(39:04 / Allies) IHATEDSOUZA: lol red house painters
(39:05 / All) Reighteous: thanks for maphacking
(39:05 / All) redhousepainter: are yall southerners?
(39:06 / Allies) IHATEDSOUZA: you filthy painter
(39:13 / All) Reighteous: nope
(39:15 / All) redhousepainter: thanks for not knowing how to hi9gh perch
(39:16 / Allies) IHATEDSOUZA: dont respond so readily
(39:19 / Allies) IHATEDSOUZA: to hteir accusations
(39:21 / Allies) redhousepainter: yaya
(39:24 / All) Reighteous: that would be a streotype
(39:28 / All) Jmos: cant really do it with orc/hu
(39:34 / All) redhousepainter: srs?
(39:55 / Allies) redhousepainter: iw ish we had a few more towrs
(39:56 / Allies) redhousepainter: o well
(39:58 / Allies) IHATEDSOUZA: in purples base theres a million peons but magic sentry
(40:04 / Allies) IHATEDSOUZA: there no fucking room up here
(40:08 / Allies) IHATEDSOUZA: just count on the tanks
(40:18 / Allies) redhousepainter: stop messing with bm
(40:21 / Allies) redhousepainter: im use hi mnow
(40:27 / Allies) IHATEDSOUZA: teal is 63 food of all bats
(40:31 / Allies) redhousepainter: lol
(40:52 / All) redhousepainter: iu like to cut it pretty close
(40:52 / Allies) reynoldtheloser: hoooooooooooooooo
(40:56 / Allies) IHATEDSOUZA: you almost greeded yourself to death
(40:57 / All) redhousepainter: u guys can prolyl just wait until i kill myself
(40:58 / All) redhousepainter: rofl
(41:05 / Allies) redhousepainter: yeah they can see invis too
(41:09 / Allies) redhousepainter: ww would nto shave savfed
(41:14 / Allies) reynoldtheloser: you dance close to the fire, friend
(41:22 / Allies) redhousepainter: im glad we have levl 2 aura
(41:23 / Allies) redhousepainter: already
(41:26 / Allies) redhousepainter: these guys didnt creep
(41:28 / Allies) IHATEDSOUZA: yeah lucky
(41:30 / Allies) IHATEDSOUZA: because of invis bats
(41:35 / Allies) redhousepainter: hes repairing
(41:38 / Allies) redhousepainter: what a butt sniffer
(41:43 / Allies) IHATEDSOUZA: good
(41:47 / Allies) redhousepainter: 1847 and counting down
(41:51 / Allies) IHATEDSOUZA: alex is the richest in te game
(41:52 / Allies) redhousepainter: 1843
(41:53 / Allies) IHATEDSOUZA: blue is next
(41:54 / Allies) IHATEDSOUZA: the nteal
(41:57 / Allies) redhousepainter: they just told him
(41:59 / Allies) redhousepainter: not to repair
(42:00 / Allies) redhousepainter: lol
(42:19 / Allies) redhousepainter: they have no chims
(42:21 / Allies) redhousepainter: thank god for that
(42:24 / Allies) redhousepainter: chims = cant afk
(42:33 / Allies) reynoldtheloser: a 123 trihero
(42:34 / Allies) redhousepainter: they invissing
(42:35 / Allies) redhousepainter: bats
(42:36 / Allies) redhousepainter: inc invis bats
(42:42 / Allies) redhousepainter: i better hide left side bats
(42:44 / Allies) redhousepainter: or theyll get invisraped
(42:49 / Allies) redhousepainter: INC
(43:15 / All) redhousepainter: lol
(43:17 / All) redhousepainter: sentry remember?
(43:24 / All) CloakofDarkness: ya
(43:24 / All) Reighteous: yes
(43:25 / Allies) IHATEDSOUZA: i paniced
(43:27 / All) Reighteous: yous hack
(43:28 / Allies) IHATEDSOUZA: and clared twice
(43:30 / Allies) IHATEDSOUZA: right on him
(43:31 / All) Jmos: god
(43:36 / All) CloakofDarkness: you guys hack
(43:38 / Allies) IHATEDSOUZA: also i lost 2 birds
(43:42 / All) redhousepainter: u guys used sentry first
(43:45 / All) redhousepainter: its only fair we use too
(43:47 / All) CloakofDarkness: as soon as he went to run you guys ran away
(43:51 / All) Reighteous: your accounts will be banned sorry
(43:57 / All) Reighteous: going to blizzard now
(44:10 / All) redhousepainter: go to highper.ch instead
(44:12 / All) redhousepainter: and l2p
(44:15 / All) Jmos: -.- this is not going to be fun
(44:19 / All) Reighteous: or maybe
(44:23 / All) Reighteous: you can stop hacking
(44:25 / All) Reighteous: and l3p
(44:29 / Allies) redhousepainter: i got that sorc
(44:34 / Allies) redhousepainter: wehre are you going
(44:35 / Allies) redhousepainter: crackhead
(44:38 / All) Reighteous: cause there are 3 of you that need to learn how to play
(44:51 / All) IHATEDSOUZA: how about i l4p instead
(44:55 / All) IHATEDSOUZA: l3p just isnt my style
(45:02 / All) redhousepainter: u guys
(45:04 / All) redhousepainter: made a tower wall
(45:07 / All) redhousepainter: like you knew thi map
(45:09 / All) Reighteous: k
(45:11 / All) redhousepainter: then you made 100000 knights
(45:12 / All) redhousepainter: like
(45:14 / All) redhousepainter: a fucking joke?!?!
(45:15 / All) redhousepainter: ROFL
(45:20 / All) IHATEDSOUZA: good one
(45:22 / All) CloakofDarkness: your a damn nerd
(45:24 / All) Reighteous: we care why?
(45:26 / All) Jmos: i agree
(45:29 / All) CloakofDarkness: im sry i dont read up on w3s
(45:29 / All) Jmos: its a game -.-
(45:32 / All) IHATEDSOUZA: because now you lose
(45:33 / All) Jmos: maybe we should leave now
(45:33 / All) CloakofDarkness: wc3*
(45:37 / All) Jmos: so u gys cant beat record xD
(45:41 / All) redhousepainter: where did u guys get the tower wall idea from?
(45:42 / All) Reighteous: ya lol
(45:44 / All) IHATEDSOUZA: ecks dee
(45:48 / All) Reighteous: cause thats what you want
(45:56 / All) Reighteous: we made it obviously
(46:00 / All) Reighteous: we always try new strats
(46:02 / All) redhousepainter: poitn of tower wall is to allow you to mine all gold at no updkeep
(46:04 / All) Jmos: might as well as leave
(46:06 / All) redhousepainter: u dont waste all gold on towers
(46:09 / All) redhousepainter: then sit at 81 food
(46:09 / All) Jmos: these arn't your real accounts
(46:10 / All) redhousepainter: of shitty knights
(46:15 / All) redhousepainter: yea leave
(46:15 / All) redhousepainter: u lost
(46:21 / All) redhousepainter: if you left at styart id be pissed
(46:25 / All) redhousepainter: but leaving afr u get raped
(46:26 / All) redhousepainter: not so much
(46:26 / All) IHATEDSOUZA: if youre just going to get the carpeting all brown
(46:29 / All) IHATEDSOUZA: you may as well leave
(46:32 / All) redhousepainter: LOL
(46:34 / All) IHATEDSOUZA: dont shit on the rug
(46:34 / All) redhousepainter: POOP
(46:37 / All) Reighteous: that made since
(46:41 / All) Jmos: :O
(46:42 / All) Reighteous: just like that
(46:45 / All) redhousepainter: his hands are shaking with rage
(46:47 / All) redhousepainter: tuypo time
(46:50 / All) Reighteous: lol
(46:53 / All) Reighteous: exactly
(46:55 / All) Jmos: and its pretty much a stale mate right now
(46:58 / All) Reighteous: i am so pissed out of my mind
(47:02 / All) redhousepainter: stalemate is one word
(47:09 / All) Jmos: your point?
(47:11 / All) Reighteous: we care why?
(47:11 / All) IHATEDSOUZA: and no its not
(47:17 / All) Reighteous: we care why?
(47:21 / All) Reighteous: we care why?
(47:25 / All) IHATEDSOUZA: u mad?
(47:27 / All) redhousepainter: leave
(47:30 / All) redhousepainter: ruin our record attempt
(47:30 / All) Reighteous: no
(47:34 / All) Reighteous: just disappointed
(47:38 / All) redhousepainter: or am i using reverse opsychology?
(47:41 / All) redhousepainter: maybe i want u to stay...
(47:42 / All) IHATEDSOUZA: in yourself?
(48:02 / Allies) redhousepainter: they have about 6000 gold
(48:08 / All) IHATEDSOUZA: its really too bad that tanks cant fly
(48:08 / Allies) redhousepainter: in items cash and gold mine
(48:21 / Allies) IHATEDSOUZA: thats not enough for antying
(48:23 / Allies) IHATEDSOUZA: but some hero items
(48:23 / All) Jmos: they can in the future
(48:26 / All) Jmos: hover tanks
(48:42 / All) redhousepainter: come on you guys records are all 45%
(48:43 / All) redhousepainter: just leave
(48:46 / All) redhousepainter: save urself the time
(48:54 / All) redhousepainter: we will never log onto these accts after today
(48:56 / All) Jmos: im 60%
(49:00 / All) Jmos: they are 60% to
(49:01 / All) Jmos: :S
(49:06 / Allies) IHATEDSOUZA: dont say that
(49:07 / All) redhousepainter: oh yeah forgot this is lordaeron
(49:10 / Allies) IHATEDSOUZA: youll actually discourage them
(49:11 / All) reynoldtheloser: im jammin
(49:12 / All) redhousepainter: u guys are kind of top of the pyramid
(49:12 / All) redhousepainter: here
(49:18 / All) reynoldtheloser: and i hope u like jammin too
(49:21 / All) redhousepainter: 5 miners in mine = pretty damn good
(49:22 / All) IHATEDSOUZA: lol west
(49:22 / All) redhousepainter: on west
(49:29 / All) Jmos: im 70% on east
(49:35 / All) IHATEDSOUZA: im 90% on kalimdor
(49:41 / All) redhousepainter: sea what he did there?
(50:00 / All) Reighteous: Well
(50:06 / All) Jmos: so the point u guys are doing this is because?
(50:12 / All) IHATEDSOUZA: here in asia I'm having my lunch
(50:17 / All) Reighteous: asia?
(50:18 / All) IHATEDSOUZA: delicious roast beef sandwhich
(50:24 / All) IHATEDSOUZA: although I suppose for you it's night time
(50:28 / All) IHATEDSOUZA: :>
(50:29 / All) redhousepainter: the point in us doign this?
(50:30 / All) redhousepainter: to win
(50:32 / All) Reighteous: you are chinese?
(50:35 / All) redhousepainter: same reason u dont just leave at start of game
(50:36 / All) redhousepainter: over and over
(50:58 / All) Jmos: the point u guys are doing this is to break the record no?
(51:07 / All) redhousepainter: that was just intimidation
(51:09 / All) redhousepainter: rofl
(51:10 / All) IHATEDSOUZA: we take what we can get
(51:11 / All) redhousepainter: bye
(51:11 / All) IHATEDSOUZA: LEWL
(51:13 / All) IHATEDSOUZA: ALREADY
(51:16 / All) redhousepainter: shit noobs bird noobs think ya better quit noobs
(51:16 / All) Reighteous: bye
(51:18 / All) IHATEDSOUZA: PANTS: THOROUGHLY SHIT
(51:20 / All) redhousepainter: NIGGER
(51:22 / All) IHATEDSOUZA: brown skin
(51:24 / All) Jmos: i live in canada
(51:27 / All) IHATEDSOUZA: skin the same color as your rug
(51:31 / All) IHATEDSOUZA: shit colored
(51:34 / All) IHATEDSOUZA: shit your pants so hard
(51:38 / All) IHATEDSOUZA: that it came rolling down your leg
(51:42 / All) IHATEDSOUZA: onto your brand new shoes
(51:46 / All) IHATEDSOUZA: and all over the rug
(51:48 / All) redhousepainter: ur buds are playin dota without u